 Dungeon Crawl Stone Soup version 0.29-a0-322-g68df515428 (webtiles) character file.

Game seed: 6986803676061485009

308 OrbIsHorse the Skirmisher (level 6, -8/50 HPs)
             Began as a Merfolk Berserker on Apr 9, 2022.
             Was a Believer of Trog.
             Mangled by an ogre
             ... wielding a +0 giant club
              (32 damage)
             ... on level 5 of the Dungeon.
             The game lasted 00:13:51 (2182 turns).

OrbIsHorse the Skirmisher (Merfolk Berserker)       Turns: 2182, Time: 00:13:51

Health: -8/50      AC: 11    Str: 17    XL:     6   Next: 40%
Magic:  15/15      EV:  6    Int:  6    God:    Trog [**....]
Gold:   144        SH:  0    Dex: 16    Spells: 5/5 levels left

rFire   . . .      SeeInvis .   e - +3 short sword (drain)
rCold   . . .      Faith    .   (no shield)
rNeg    . . .      Spirit   .   c - +0 plate armour
rPois   .          Reflect  .   (no helmet)
rElec   .          Harm     .   (no cloak)
rCorr   .          Rampage  .   (no gloves)
Will    .....                   (no boots)
Stlth   ..........              (no amulet)
HPRegen 0.16/turn               m - ring of magical power
MPRegen 0.14/turn               (no ring)

@: no status effects
A: (nimble swimmer 2), mertail
a: Renounce Religion, Berserk, Trog's Hand


You were on level 5 of the Dungeon.
You worshipped Trog.
Trog was pleased with you.
You visited 1 branch of the dungeon, and saw 5 of its levels.

You collected 144 gold pieces.

Inventory:

Hand Weapons
 a - a +0 spear
 d - a +0 mace
 e - a +3 short sword of draining (weapon)
 f - a +0 dagger
 i - a +0 dagger
 l - a +0 hunting sling
 p - a +1 hand axe of venom
 t - a +2 dire flail of protection
 w - a +0 trident
Missiles
 v - a throwing net (quivered)
Armour
 b - a +0 animal skin
 c - a +0 plate armour (worn)
 h - a +0 leather armour
 u - a +0 chain mail
Jewellery
 m - a ring of magical power (left hand)
Scrolls
 g - a scroll of vulnerability {unknown}
 j - a scroll of enchant armour {unknown}
 o - a scroll of teleportation {unknown}
 q - a scroll of blinking {unknown}
 r - 2 scrolls of identify {unknown}
Potions
 k - a potion of lignification {unknown}
 n - a potion of degeneration {unknown}
 s - a potion of curing {unknown}


   Skills:
 + Level 4.8 Fighting
 + Level 3.5 Short Blades
 + Level 1.2(2.1) Axes
 + Level 4.4(4.6) Polearms
 + Level 2.9 Armour
 + Level 3.0 Dodging
 + Level 0.6 Stealth


You had 5 spell levels left.
You didn't know any spells.
Your spell library was empty.

Dungeon Overview and Level Annotations

Branches:
Dungeon (5/15)
 Temple: D:4-7

Altars:
Ashenzari
Dithmenos

Annotations:
D:5 Pikel


Innate Abilities, Weirdness & Mutations

((You are very nimble when in or above water. (Stealth+, EV+, Speed+++)))
Your lower body shifts to a powerful aquatic tail in water.


Message History

The hound is severely wounded.
The hound bites you but does no damage.
You hit the hound. You drain the hound.
You kill the hound!
Trog accepts your kill.
An orc comes into view. It is wielding a +0 trident.
Found 11 gold pieces.
The orc shouts!
The orc hits you but does no damage.
You hit the orc. You drain the orc.
You kill the orc!
Trog accepts your kill.
Things that are here:
a +0 trident; an orc corpse
w - a +0 trident You now have 144 gold pieces (gained 11).
A lemure comes into view.
The lemure shouts!
You hear a shout! x3
Pikel, Merchant of Souls comes into view.
He is wielding a +0 whip of freezing.
The lemure moves out of view.
You hear an angry hiss.
A lemure, an ogre and an adder come into view.
Found a broken altar of Ashenzari.
The lemure shouts!
The adder hisses angrily.
The adder moves out of view. 2 lemures come into view.
The lemure shouts!
The lemure barely misses you. Pikel barely misses you.
The ogre hits you with a +0 giant club!!
The lemure hits you. The adder bites you but does no damage.
You hit the ogre.
The ogre is lightly wounded.
The adder bites you but does no damage. Pikel barely misses you.
The lemure hits you.
You hit the ogre.
The ogre is heavily wounded.
The ogre hits you with a +0 giant club!!
Ouch! That really hurt!
You die...

#.# #.# #...#..#
#.# #.# #......#
#.# #.# #......#
#.# #.. #......#
#.# ##. ###...#
#.# #.
+_#5.5#####.#####
#.
####5SK5.........#
#.
#....O@......###.#
#. #.....########
#.# #. #.....
#.#####. #...#.
######.......
#.....
.........#####
.... #. ##.#####†#
##. #. #.# #. #.
#.# #..


You could see Pikel, an ogre, 4 lemures and an adder.

Vanquished Creatures
  Edmund (D:5)
  An ogre (D:4)
  A hound (D:5)
  3 gnolls (D:4)
  2 adders
  A dart slug (D:1)
  An orc (D:5)
  2 ball pythons
  2 bats
  4 giant cockroaches
  A hobgoblin (D:3)
  2 jackals (D:5)
  4 kobolds
  A quokka (D:1)
  5 goblins
  5 rats
36 creatures vanquished.

Notes
Turn   | Place    | Note
-------+----------+-------------------------------------------
     0 | D:1      | OrbIsHorse the Merfolk Berserker began the quest for the
                  | Orb.
     0 | D:1      | Reached XP level 1. HP: 18/18 MP: 1/1
   266 | D:1      | Reached XP level 2. HP: 11/22 MP: 2/2
   668 | D:2      | Reached XP level 3. HP: 29/30 MP: 3/3
   897 | D:3      | Found a shadowy altar of Dithmenos.
  1071 | D:4      | Reached ** piety under Trog
  1121 | D:4      | Noticed an ogre
  1126 | D:4      | Killed an ogre
  1127 | D:4      | Reached XP level 4. HP: 31/37 MP: 4/4
  1127 | D:4      | Reached XP level 5. HP: 36/42 MP: 5/5
  1531 | D:5      | Entered Level 5 of the Dungeon
  1536 | D:5      | Noticed Edmund
  1551 | D:5      | Killed Edmund
  1552 | D:5      | Reached skill level 1 in Axes
  1552 | D:5      | Reached XP level 6. HP: 12/49 MP: 6/6
  2176 | D:5      | Noticed Pikel
  2177 | D:5      | Found a broken altar of Ashenzari.
  2182 | D:5      | Mangled by an ogre

Illustrated notes

Levels and vault maps discovered:
D:1:      dpeg_arrival_long_road, layout_loops_ring, serial_shops,
          nicolae_shop_trees
D:2:      layout_loops_ring, shapermc_ecumenical_altar_mp_highgroup,
          minmay_misc_feat_secret_circle
D:3:      layout_basic, mainiacjoe_overflow_concentric_impassable, serial_shops,
          shop, item_on_display_a
D:4:      layout_layer_cave, kennysheep_generic_room_10, uniq_ijyb
D:5:      layout_loops_ring, mainiacjoe_overflow_alcove_2,
          ashenzari_conservatory_becter, temple_statues, serial_shops, shop,
          uniq_edmund, uniq_pikel

Skill      XL: |  1  2  3  4  5 |
---------------+----------------+-----
Armour         | 2 |  2.9
Fighting       | 4 |  4.8
Short Blades   | 2 3 |  3.5
Axes           | 1 |  1.2
Dodging        | 3 |  3.0
Polearms       | |  4.4
Stealth        | |  0.6

Action                   |  1- 3 |  4- 6 || total
-------------------------+-------+-------++-------
Melee: Spear             |    10 |       ||    10
       Short sword       |    44 |    10 ||    54
       Hand axe          |    14 |    22 ||    36
       Punch             |       |     1 ||     1
       Dire flail        |       |    14 ||    14
Throw: Throwing net      |       |     2 ||     2
Invok: Berserk           |     1 |     1 ||     2
Armor: Plate armour      |    69 |    40 ||   109
Dodge: Dodged            |    26 |    18 ||    44

Table legend: (Time is in decaauts)
 A = Elapsed time spent in this place.
 B = Non-inter-level travel time spent in this place.
 C = Inter-level travel time spent in this place.
 D = Time resting spent in this place.
 E = Time spent auto-exploring this place.
 F = Levels seen in this place.
 G = Mean time per level.
                   A        B        C        D        E       F      G
               +--------+--------+--------+--------+--------+-----+--------+
         Total |   2211 |   2196 |     15 |   1096 |    224 |   5 |  442.2 |
       Dungeon |   2211 |   2196 |     15 |   1096 |    224 |   5 |  442.2 |
               +--------+--------+--------+--------+--------+-----+--------+

Top non-repeatable levels by time:
     D:5: 666 daAuts
     D:1: 629 daAuts
     D:4: 494 daAuts
     D:2: 268 daAuts
     D:3: 153 daAuts
